AoeStats
← Gothic_Brother

Baltic

510849251Analyzed
2v2 RM · 1d ago on Oct 2, 2026· 23m 32s· 4 players
Game mode
Random Map
Map size
Medium (4 player)
Population
200
Speed
Normal
Resources
Standard
Victory
Conquest
Starting age
Dark Age
Ending age
Imperial Age
RankedLock teamsTeams togetherTeam positionsShared explorationLock speedFull tech treeHidden civsTurbo modeCheats
Victory
Defeat
🇷🇺 Persians · Russia
1128
+16
🇷🇺 Vikings · Russia
1121
+16
🇹🇷 Portuguese · Türkiye
1176
-18
🇹🇷 Vikings · Türkiye
1080
-14
Gothic_Brother
3:24 Loom
12:07 Feudal Age
17:02 Castle Age
15:14 Fletching
16:11 Fishing Lines
16:31 Double-Bit Axe
18:29 Bodkin Arrow
Kairos
10:40 Loom
13:01 Feudal Age
13:37 Double-Bit Axe
18:58 Castle Age
16:54 Fishing Lines
17:27 Gold Mining
17:55 Horse Collar
19:47 Medium Warships
21:26 Gillnets
24:09 Wheelbarrow
TheCaesar
5:59 Loom
13:17 Feudal Age
21:21 Castle Age
23:08 Medium Warships
Malicious
12:02 Loom
13:06 Loom
16:11 Feudal Age
25:35 Castle Age
Connection lost

Rejoining the realm…

Still unreachable

The connection could not be restored.

Session expired

The server has moved on; the page needs a fresh start.